 Dungeon Crawl Stone Soup version 0.29.1-12-g30fa7ad0bf (webtiles) character file.

Game seed: 13379417306554729094

84287 cheesebisquit the Executioner (level 15, -9/141 HPs)
             Began as a Minotaur Berserker on Dec 14, 2022.
             Was a High Priest of Trog.
             Mangled by an acid blob (19 damage)
             ... on level 5 of the Lair of Beasts.
             The game lasted 01:44:19 (21009 turns).

cheesebisquit the Executioner (Minotaur Berserker) Turns: 21009, Time: 01:44:20

Health: -9/141     AC: 14    Str: 34    XL:     15   Next: 34%
Magic:  14/14      EV:  7    Int:  4    God:    Trog [*****.]
Gold:   1766       SH: 13    Dex: 11    Spells: 14/14 levels left

rFire   + . .      SeeInvis .   C - +3 war axe
rCold   . . .      Faith    .   P - +2 kite shield
rNeg    . . .      Spirit   .   M - +2 plate armour {rF+}
rPois   .          Reflect  +   (helmet restricted)
rElec   .          Harm     .   y - +2 cloak
rCorr   +          Rampage  .   n - +2 pair of gloves
Will    +++..                   d - +2 pair of boots
Stlth   ..........              B - amulet of reflection
HPRegen 1.33/turn               G - +6 ring of strength
MPRegen 0.14/turn               S - ring of resist corrosion

@: mighty, strong-willed, corroded, regenerating
A: horns 2, retaliatory headbutt, subdued magic 1
a: Renounce Religion, Berserk, Trog's Hand, Brothers in Arms


You were on level 5 of the Lair of Beasts.
You worshipped Trog.
Trog was extremely pleased with you.
You visited 4 branches of the dungeon, and saw 19 of its levels.
You visited the Abyss 1 time.

You collected 1766 gold pieces.

Inventory:

Hand Weapons
 a - a +4 battleaxe
 b - a +0 sling
 C - a +3 war axe (weapon)
 N - a +2 morningstar of freezing
Missiles
 c - 190 stones
 w - 2 curare-tipped darts
 F - 10 poisoned darts (quivered)
 V - 5 atropa-tipped darts
Armour
 d - a +2 pair of boots (worn)
 n - a +2 pair of gloves (worn)
 y - a +2 cloak (worn)
 M - a +2 plate armour of fire resistance (worn)
 P - a +2 kite shield (worn)
 Z - a +2 plate armour of positive energy
Jewellery
 q - the ring "Musuelag" {rC+ Int+6}
   (You found it on level 2 of the Dungeon)

   [ring of intelligence]

   Int:       It affects your intelligence (+6).
   rC:        It protects you from cold.
 t - an amulet of the acrobat
 A - an amulet of regeneration
 B - an amulet of reflection (around neck)
 D - the amulet "Luefogev" {Faith Will+}
   (You found it on level 6 of the Dungeon)

   [amulet of faith]

   It allows you to gain divine favour quickly.
   Will:      It increases your willpower.
 E - a ring of flight
 G - a +6 ring of strength (left hand)
 S - a ring of resist corrosion (right hand)
 T - a ring of see invisible
 W - a ring of poison resistance
Wands
 e - a wand of digging (1)
 g - a wand of iceblast (34)
 l - a wand of polymorph (23)
 I - a wand of mindburst (17)
 K - a wand of charming (9)
 R - a wand of flame (6)
Scrolls
 f - 2 scrolls of silence
 h - 9 scrolls of summoning
 j - 2 scrolls of immolation
 o - 3 scrolls of magic mapping
 p - 17 scrolls of teleportation
 r - 4 scrolls of blinking
 z - 4 scrolls of fog
 H - a scroll of poison {unknown}
 L - 4 scrolls of fear
 O - 2 scrolls of torment
 Q - 2 scrolls of vulnerability
Potions
 i - 7 potions of ambrosia
 k - 3 potions of lignification
 m - 4 potions of curing
 u - a potion of might
 v - 9 potions of attraction
 x - a potion of invisibility
 J - a potion of heal wounds
 U - 2 potions of flight
 Y - a potion of haste


   Skills:
 - Level 15.6 Fighting
 - Level 24.1 Axes
 - Level 15.4 Armour
 - Level 2.7 Dodging
 + Level 0.2 Stealth


You had 14 spell levels left.
You didn't know any spells.
Your spell library was empty.

Dungeon Overview and Level Annotations

Branches:
Dungeon (12/15)            Temple (0/1) D:4            Lair (5/5) D:11
  Swamp (0/4) Lair:2        Snake (0/4) Lair:3        Slime (1/5) Lair:5
    Orc (1/2) D:11

Altars:
Ashenzari
Fedhas
Makhleb
Okawaru
Sif Muna
Trog
Wu Jian
Xom
Yredelemnul
Jiyva

Shops:
D:5 *

Portals:
Trove: D:12 (give +6 demon trident)

Annotations:
Orc:1 2 transporters, Rudyous's ghost, journeyman MiFi


Innate Abilities, Weirdness & Mutations

You have a pair of horns on your head.
You reflexively headbutt those who attack you in melee.
Your spells are a little easier to cast, but a little less powerful.


Message History

You block the acid blob's attack.
You feel very mighty all of a sudden. The acid blob completely misses you.
The acid blob closely misses you. You block the slime creature's attack.
The acid blob spits acid at you. The splash of acid hits you. You resist.
The acid corrodes you!
The acid blob hits you but does no damage.
The acid blob spits acid at you. The splash of acid hits you! You resist.
* * * LOW HITPOINT WARNING * * *
You feel better.
The slime creature hits you but does no damage.
The acid blob spits acid at you. The splash of acid hits you! You resist.
* * * LOW HITPOINT WARNING * * *
The acid blob hits you but does no damage.
The acid blob closely misses you.
You feel much better. The acid blob spits acid at you.
The splash of acid hits you. You resist. You block the slime creature's attack.
The acid blob spits acid at you. The splash of acid misses you.
The splash of acid hits the acid blob.
The acid blob completely resists.
You block the acid blob's attack.
You hit the acid blob.
Your hands burn!
The acid blob is moderately wounded.
You slash the acid blob!
Your hands burn!
You slash the slime creature! You slice the acid blob!!
Your hands burn!
You block the acid blob's attack. The acid blob spits acid at you.
The splash of acid hits you. You resist. The acid corrodes you!
You block the acid blob's attack. The slime creature hits you!
You hit the acid blob but do no damage.
Your hands burn!
The acid blob is moderately wounded.
You slash the slime creature! You hit the acid blob but do no damage.
Your hands burn!
You slash the acid blob!
Your hands burn!
The acid blob hits you!!
* * * LOW HITPOINT WARNING * * *
You are splashed with acid.
You resist.
* * * LOW HITPOINT WARNING * * *
You block the acid blob's attack. The acid blob hits you!!
You die...

#####....##
#.......##....... #....P..##
##....#####....... #.......#
##......# ###...#. ###..#..#
#.......## ##..#. #..####
#....#...## ######. #...##
##....#...###.####. ##....##
#.....#...##.....#.
#.#....###JJ.P.###.##...}.##
####..P...J@)#.# ####...|.##
##.......J.## #.....#.
#.....P.#..# ##......
##.....##..# ##..#.#
##.....#..## ######....
##...##.#.## #P..###.#P
#....#####.###P..# ####
#....## ##..#..## ##....#
##<....### ##


You could see 3 acid blobs and a slime creature.

Vanquished Creatures
  An ancient lich (Abyss:1)
  Donald (Lair:5)
  A rockslime (Lair:5)
  A dire elephant (Lair:5)
  Snorg (D:11)
  The ghost of TheSexyCheese the Blocker, a journeyman MiFi of Gozag (D:11)
  2 boulder beetles
  9 hydras
  Erica (D:10)
  2 catoblepae (Lair:5)
  A two-headed ogre (D:11)
  A thrashing horror (Abyss:1)
  15 death yaks
  Sonja (Orc:1)
  Nergalle (D:10)
  A soul eater (D:9)
  A sun demon (D:9)
  A bog body (Lair:2)
  3 lindwurms
  An ugly thing (D:12)
  An orc sorcerer (Orc:1)
  3 manticores
  6 elephants
  8 black mambas
  A cyclops (D:12)
  Joseph (D:8)
  2 molten gargoyles (Lair:4)
  A rust devil (D:9)
  2 smoke demons
  2 gargoyles (D:12)
  13 cane toads
  2 torpor snails
  Maggie (D:8)
  2 unseen horrors
  A kobold demonologist (D:11)
  8 rime drakes
  15 komodo dragons
  3 hellwings
  A queen bee (D:10)
  4 trolls
  10 polar bears (Lair:5)
  10 blink frogs
  Prince Ribbit (D:5)
  A slime creature (Lair:5)
  3 raiju (Lair:5)
  18 dream sheep
  14 wyverns
  Sigmund (D:4)
  A vampire (D:12)
  A wraith (D:11)
  28 yaks
  3 steam dragons
  A neqoxec (D:9)
  Eustachio (D:5)
  6 vampire mosquitoes
  8 basilisks
  A chaos spawn (D:9)
  7 wargs
  An acid dragon (D:11)
  3 nagas (Lair:3)
  Edmund (D:4)
  12 water moccasins
  12 hell hounds (Lair:5)
  11 orc warriors
  17 black bears
  A sky beast (D:7)
  28 wolves
  4 ogres
  18 centaurs
  2 phantoms
  10 bullfrogs
  2 small abominations (Abyss:1)
  3 gnoll sergeants
  4 scorpions
  8 wights
  25 killer bees
  3 howler monkeys
  3 electric eels (D:11)
  5 lava snakes (Lair:4)
  A quasit (D:9)
  9 orc priests
  2 hounds
  4 jellies
  4 iguanas
  Terence (D:3)
  13 orc wizards
  22 hell rats
  A mummy (D:8)
  12 gnolls
  7 adders
  2 shadow imps (D:5)
  2 white imps
  An ufetubus (D:6)
  A worm (D:3)
  5 dart slugs
  59 orcs
  7 endoplasms
  3 giant cockroaches
  6 hobgoblins
  2 jackals (D:4)
  2 quokkas
  4 ball pythons
  6 bats
  4 frilled lizards
  5 goblins
  7 kobolds
  2 rats
  A bush (Lair:5)
606 creatures vanquished.

Vanquished Creatures (others)
  Ijyb (D:5)
  An orc (D:11)
  A bush (Lair:3)
  3 demonic plants (D:9)
  50 fungi
  103 plants
159 creatures vanquished.

Grand Total: 765 creatures vanquished

Notes
Turn   | Place    | Note
-------+----------+-------------------------------------------
     0 | D:1      | cheesebisquit the Minotaur Berserker began the quest for
                  | the Orb.
     0 | D:1      | Reached XP level 1. HP: 19/19 MP: 0/0
   511 | D:1      | Reached XP level 2. HP: 20/27 MP: 1/1
  1240 | D:2      | Reached skill level 4 in Axes
  1498 | D:2      | Reached XP level 3. HP: 33/33 MP: 2/2
  1708 | D:2      | Found a shimmering altar of Xom.
  1828 | D:2      | Identified the ring "Musuelag" {rC+ Int+6}
  2303 | D:3      | Noticed Terence
  2310 | D:3      | Killed Terence
  2311 | D:3      | Reached skill level 5 in Axes
  2311 | D:3      | Reached XP level 4. HP: 27/39 MP: 3/3
  2616 | D:3      | Identified the +3 mace of Teqaedye {speed, rElec MP+9}
  2680 | D:3      | Reached ** piety under Trog
  2741 | D:3      | Reached skill level 6 in Axes
  2885 | D:3      | Identified the +1 leather armour of the Sneaky Xenops {Harm
                  | rN+ rCorr Int+2}
  2925 | D:3      | Found a basalt altar of Yredelemnul.
  3383 | D:4      | Noticed Sigmund
  3390 | D:4      | Killed Sigmund
  3391 | D:4      | Reached skill level 7 in Axes
  3391 | D:4      | Reached XP level 5. HP: 46/46 MP: 4/4
  3391 | D:4      | Reached XP level 6. HP: 52/52 MP: 5/5
  3623 | D:4      | Reached skill level 8 in Axes
  3735 | D:4      | Noticed Edmund
  3745 | D:4      | Killed Edmund
  3746 | D:4      | Reached skill level 9 in Axes
  3813 | D:4      | Reached XP level 7. HP: 59/59 MP: 6/6
  4516 | D:4      | Found a staircase to the Ecumenical Temple.
  4638 | D:5      | Entered Level 5 of the Dungeon
  4675 | D:5      | Noticed Prince Ribbit
  4677 | D:5      | Reached skill level 10 in Axes
  4713 | D:5      | Killed Prince Ribbit
  4714 | D:5      | Reached skill level 11 in Axes
  4852 | D:5      | Noticed Eustachio
  4867 | D:5      | Killed Eustachio
  4868 | D:5      | Reached XP level 8. HP: 64/66 MP: 7/7
  5008 | D:5      | Noticed Ijyb
  5015 | D:5      | Killed Ijyb
  5042 | D:5      | Reached skill level 12 in Axes
  5127 | D:5      | Found Econentu's Serpentskin Sales.
  5830 | D:6      | Identified the amulet "Luefogev" {Faith Will+}
  6630 | D:7      | Reached skill level 13 in Axes
  6829 | D:7      | Found a shimmering blue altar of Sif Muna.
  6894 | D:7      | Found a bloodstained altar of Trog.
  6894 | D:7      | Found an iron altar of Okawaru.
  6898 | D:7      | Found a blossoming altar of Fedhas.
  7222 | D:7      | Reached skill level 14 in Axes
  7222 | D:7      | Reached XP level 9. HP: 71/71 MP: 8/8
  7727 | D:8      | Noticed Joseph
  7749 | D:8      | Killed Joseph
  7750 | D:8      | Reached skill level 15 in Axes
  7816 | D:8      | Reached skill level 16 in Axes
  8173 | D:8      | Noticed Maggie
  8189 | D:8      | Killed Maggie
  8190 | D:8      | Reached XP level 10. HP: 78/78 MP: 9/9
  8328 | D:8      | Reached skill level 17 in Axes
  8773 | D:9      | Noticed a sun demon
  8785 | D:9      | Killed a sun demon
  8898 | D:9      | Noticed a soul eater
  8912 | D:9      | Killed a soul eater
  8913 | D:9      | Reached skill level 18 in Axes
  9044 | D:9      | Noticed a rust devil
  9047 | D:9      | Killed a rust devil
  9079 | D:9      | Noticed a smoke demon
  9092 | D:9      | Killed a smoke demon
  9304 | D:9      | Reached skill level 19 in Axes
  9530 | D:9      | Found a burning altar of Makhleb.
  9723 | D:10     | Entered Level 10 of the Dungeon
  9918 | D:10     | Reached XP level 11. HP: 84/84 MP: 10/10
 10075 | D:10     | Noticed Nergalle
 10083 | D:10     | Killed Nergalle
 10169 | D:10     | Reached skill level 20 in Axes
 10565 | D:10     | Noticed Erica
 10577 | D:10     | Killed Erica
 10578 | D:10     | Reached skill level 5 in Fighting
 10752 | D:11     | Noticed Snorg
 10816 | D:11     | Killed Snorg
 10933 | D:11     | Reached skill level 5 in Armour
 10995 | D:11     | Found a staircase to the Lair.
 11115 | D:11     | Found a runed translucent door.
 11116 | D:11     | Noticed TheSexyCheese's ghost (journeyman MiFi)
 11382 | D:11     | Found a staircase to the Orcish Mines.
 11648 | D:11     | Noticed a two-headed ogre
 11657 | D:11     | Killed a two-headed ogre
 11661 | D:11     | Noticed a four-headed hydra
 11667 | D:11     | Killed a four-headed hydra
 11727 | D:11     | Noticed a six-headed hydra
 11743 | D:11     | Killed a ten-headed hydra
 11744 | D:11     | Reached XP level 12. HP: 101/101 MP: 11/11
 12024 | D:11     | Found an ornate altar of the Wu Jian Council.
 12119 | D:11     | Killed TheSexyCheese's ghost
 12173 | D:12     | Found a broken altar of Ashenzari.
 12420 | D:12     | Reached skill level 21 in Axes
 12992 | D:12     | Found a portal to a secret trove of treasure.
 13532 | Orc:1    | Entered Level 1 of the Orcish Mines
 13549 | Orc:1    | Noticed Sonja
 13553 | Abyss:1  | Cast into level 1 of the Abyss (Sonja)
 13715 | Abyss:1  | Noticed an ancient lich
 13716 | Abyss:1  | Noticed a bone dragon
 13725 | Abyss:1  | Killed an ancient lich
 13726 | Abyss:1  | Reached skill level 10 in Fighting
 13802 | Abyss:1  | Reached skill level 10 in Armour
 13871 | Abyss:1  | Gained mutation: Your spells are a little easier to cast,
                  | but a little less powerful. [a neqoxec]
 13878 | Orc:1    | Escaped the Abyss
 13885 | Orc:1    | Killed Sonja
 13886 | Orc:1    | Reached XP level 13. HP: 61/114 MP: 12/12
 14201 | Orc:1    | Found a bloodstained altar of Trog.
 14396 | Orc:1    | Found a transporter.
 14398 | Orc:1    | Noticed Rudyous's ghost (journeyman MiFi)
 14398 | Orc:1    | Identified the +3 great mace "Z" {vorpal, Dex+2}
 14398 | Orc:1    | Noticed an ettin
 14399 | Orc:1    | Found a transporter.
 14578 | Lair:1   | Entered Level 1 of the Lair of Beasts
 14799 | Lair:1   | Reached *** piety under Trog
 14989 | Lair:1   | Reached skill level 22 in Axes
 15879 | Lair:2   | Found a staircase to the Swamp.
 16791 | Lair:3   | Found a staircase to the Snake Pit.
 17432 | Lair:3   | Reached **** piety under Trog
 18203 | Lair:4   | Reached XP level 14. HP: 127/127 MP: 13/13
 18467 | Lair:4   | Reached skill level 23 in Axes
 19097 | Lair:5   | Entered Level 5 of the Lair of Beasts
 19444 | Lair:5   | Found a staircase to the Slime Pits.
 19482 | Lair:5   | Found a viscous altar of Jiyva.
 19741 | Lair:5   | Reached ***** piety under Trog
 19960 | Lair:5   | Reached skill level 15 in Fighting
 19962 | Lair:5   | Reached XP level 15. HP: 130/141 MP: 14/14
 20411 | Lair:5   | Identified the +2 robe of the Earth {Int+2 Dex+3}
 20443 | Lair:5   | Reached skill level 15 in Armour
 20450 | Lair:5   | Reached skill level 24 in Axes
 20896 | Slime:1  | Entered Level 1 of the Pits of Slime
 20896 | Slime:1  | Noticed an acid blob
 20896 | Slime:1  | Noticed an acid blob
 20896 | Slime:1  | Noticed a rockslime
 20910 | Lair:5   | Killed a rockslime
 20940 | Slime:1  | Noticed Donald
 20940 | Slime:1  | Noticed an acid blob
 20964 | Lair:5   | Killed Donald
 21009 | Lair:5   | Mangled by an acid blob

Illustrated notes

Levels and vault maps discovered:
D:1:      erik_arrival_cave_to_civilisation [erik_arrival_cave_to_hall],
          layout_basic, kennysheep_pointless_box
D:2:      layout_basic, basic_altar, dk_vineyard_2
D:3:      layout_loops_cross, nicolae_overflow_hidden_temple,
          corexii_hall_statues_t, uniq_terence
D:4:      layout_loops_corners, temple_hall, uniq_edmund, uniq_sigmund
D:5:      nicolae_cairo_tiling_large_dashed, layout_basic, guppyfry_shop_venom,
          uniq_prince_ribbit1, uniq_eustachio, uniq_ijyb
D:6:      layout_cave_pods
D:7:      layout_gridville, mainiacjoe_overflow_brackets,
          gammafunk_temple_overflow_claw, minmay_diced_spiral
D:8:      layout_cave_pools, gup_ossuary_entry_pyramid, uniq_joseph, uniq_maggie
D:9:      layout_roguey, lightli_temple_of_fire, serial_demonic,
          serial_demonic_c, serial_demonic_b, serial_demonic_e,
          serial_demonic_b, serial_demonic_c, serial_demonic_c,
          serial_demonic_c, serial_demonic_e, hex_intersection
D:10:     layout_roguey [special_room_bee], uniq_erica, uniq_nergalle
D:11:     layout_gridville, due_lair_maze_entry_diamond, erik_orc_2,
          gammafunk_ghost_grave, pdpol_wu_jian_five_deadly_venoms, uniq_snorg
D:12:     layout_roguey, nicolae_trove_entry_isolated, mrwooster_statue_mirror,
          cheibrodos_ashenzari_chains
Lair:1:   layout_loops_ring, infiniplex_staircase_pool_2, lemuel_fruit_tree
Lair:2:   layout_regular_city, skrybe_swamp_entry_bodies
Lair:3:   layout_roguey [special_room_mythical_zoo],
          guppyfry_snake_entry_island, serial_forest, infiniplex_forest_clump_C,
          infiniplex_forest_end_1, infiniplex_forest_lined_1,
          infiniplex_forest_straight_5, infiniplex_forest_lined_corner,
          infiniplex_forest_straight_4, infiniplex_forest_side_room,
          chequers_serial_rivers_large_a
Lair:4:   cheibrodos_magma_flow, layout_cave_shapes
Lair:5:   hangedman_lair_caniforms_friends, layout_layer_cave,
          hangedman_lair_in_review, slime_entry_1, bh_autumn_forest_stairs
Slime:1:  layout_caves, uniq_donald
Orc:1:    layout_diamond_mine, gammafunk_ghost_smash, basic_altar, uniq_sonja

Skill      XL: |  1  2  3  4  5  6  7  8  9 10 11 12 13 14 15 |
---------------+----------------------------------------------+-----
Fighting       | 4 7 10 12 15 | 15.6
Axes           | 4 5 7 9 11 14 16 19 20 21 22 23 24 | 24.1
Armour         | 3 7 10 12 14 15 | 15.4
Dodging        | |  2.7
Stealth        | |  0.2

Action                   |  1- 3 |  4- 6 |  7- 9 | 10-12 | 13-15 || total
-------------------------+-------+-------+-------+-------+-------++-------
Melee: Hand axe          |    65 |    70 |       |       |       ||   135
       Headbutt          |     9 |    14 |    32 |    68 |   149 ||   272
       War axe           |       |     4 |   124 |       |     6 ||   134
       Punch             |       |       |     3 |       |     2 ||     5
       Battleaxe         |       |       |    88 |   443 |   649 ||  1180
       Morningstar       |       |       |       |     2 |    39 ||    41
 Fire: Sling             |       |       |       |       |     3 ||     3
Throw: Dart              |       |       |       |     4 |       ||     4
Invok: Berserk           |     1 |     3 |    10 |    26 |    22 ||    62
       Trog's Hand       |       |     2 |     6 |    18 |    11 ||    37
  Use: Scroll            |       |       |    19 |     8 |     9 ||    36
       Potion            |       |       |       |       |     4 ||     4
 Stab: Petrified         |       |       |       |       |     1 ||     1
Armor: Animal skin       |     8 |       |       |       |       ||     8
       Ring mail         |    13 |    17 |       |       |       ||    30
       Chain mail        |       |    18 |    82 |       |       ||   100
       Plate armour      |       |       |    12 |   330 |   437 ||   779
Dodge: Dodged            |    46 |    35 |   110 |   186 |   287 ||   664
Block: Other             |       |       |       |    61 |    55 ||   116
       Reflection        |       |       |       |    10 |     1 ||    11
       Kite shield       |       |       |       |       |    17 ||    17
